[ AOE2 MATCH · #458472560 ]
UnrankedMapuche vs Poles
Player's team · LOSS
Rival team · WIN
[ REPLAY ANALYSIS · EXTRACTED FROM THE RECORDED GAME ]
Feudal
12:53
Castle
22:35
Imperial
40:13
| APM avg | 26.0 |
| APM peak | 62 |
| eAPM avg | 16.1 |
| Villagers / military | 146 / 226 |
Focus
⚔️ 45.2% · 🌾 54.8%
Spearman ×159 · Unknown (2550) ×61 · Kona ×34 · Bolas Rider ×21 · Trebuchet (Packed) ×12
Feudal
9:25
Castle
21:36
Imperial
41:08
| APM avg | 47.2 |
| APM peak | 75 |
| eAPM avg | 22.7 |
| Villagers / military | 169 / 385 |
Focus
⚔️ 19.5% · 🌾 80.5%
Scout Cavalry ×185 · Obuch ×102 · Knight ×81 · Trebuchet (Packed) ×12 · Monk ×5
Match map
Initial resources + every placement click. Lines = walls · curves = elevation contours. ◆ gold · ⬟ stone · ● berries · ✦ relic · ◌ wall gap
Your base· ✓ Closed at 22:35 · 46t walls · 1 gate(s)
POLOLESBONSTUYAUX's base· Open — opponent sealed themselves in
Smoothed initial terrain · ◌ = detected wall gap · hover for details
Inputs per minute
— Snowey - - POLOLESBONSTUYAUX
Build order — Snowey
First 150 of 604 actions detected
| 0:03 | Build | House |
| 0:03 | Build | House |
| 0:04 | Create | Villager (Male) |
| 0:04 | Create | Villager (Male) |
| 0:05 | Create | Villager (Male) |
| 0:05 | Create | Villager (Male) |
| 1:31 | Build | Settlement |
| 1:41 | Create | Villager (Male) |
| 2:17 | Create | Villager (Male) |
| 2:36 | Create | Villager (Male) |
| 2:54 | Build | House |
| 2:55 | Build | House |
| 3:10 | Create | Villager (Male) |
| 4:00 | Create | Villager (Male) |
| 4:01 | Create | Villager (Male) |
| 4:10 | Create | Villager (Male) |
| 4:20 | Create | Villager (Male) |
| 4:35 | Build | House |
| 5:28 | Create | Villager (Male) |
| 5:34 | Create | Villager (Male) |
| 5:55 | Create | Villager (Male) |
| 6:10 | Build | Barracks |
| 6:13 | Create | Villager (Male) |
| 6:44 | Create | Villager (Male) |
| 7:01 | Research | Loom |
| 7:03 | Create | Villager (Male) |
| 7:07 | Create | Unit 2550 |
| 7:08 | Create | Unit 2550 |
| 7:20 | Create | Villager (Male) |
| 7:29 | Build | Settlement |
| 7:33 | Create | Villager (Male) |
| 7:49 | Create | Unit 2550 |
| 8:15 | Create | Unit 2550 |
| 8:18 | Create | Villager (Male) |
| 8:27 | Create | Villager (Male) |
| 8:33 | Build | Settlement |
| 8:50 | Create | Villager (Male) |
| 9:17 | Create | Villager (Male) |
| 9:46 | Create | Villager (Male) |
| 9:49 | Research | Loom |
| 10:15 | Research | Feudal Age |
| 10:55 | Build | Farm |
| 10:56 | Build | Farm |
| 10:56 | Build | Farm |
| 11:01 | Build | Farm |
| 11:02 | Build | Farm |
| 11:02 | Build | Farm |
| 11:28 | Build | Farm |
| 11:35 | Build | House |
| 11:39 | Build | Palisade Wall |
| 11:47 | Build | Palisade Wall |
| 11:52 | Build | House |
| 12:10 | Create | Villager (Male) |
| 12:46 | Build | House |
| 12:53 | Age | Feudal Age |
| 12:55 | Build | Farm |
| 13:00 | Research | Tech 1402 |
| 13:01 | Create | Unit 2550 |
| 13:01 | Create | Unit 2550 |
| 13:06 | Research | Double-Bit Axe |
| 13:29 | Create | Villager (Male) |
| 13:37 | Build | Palisade Wall |
| 13:42 | Build | Palisade Wall |
| 13:46 | Create | Villager (Male) |
| 13:52 | Research | Horse Collar |
| 13:56 | Create | Spearman |
| 13:56 | Create | Spearman |
| 14:45 | Build | Farm |
| 14:52 | Build | Farm |
| 14:54 | Build | Farm |
| 14:55 | Build | Farm |
| 15:23 | Build | House |
| 15:24 | Build | House |
| 15:26 | Build | House |
| 15:29 | Create | Villager (Male) |
| 15:30 | Create | Villager (Male) |
| 15:32 | Create | Unit 2550 |
| 15:32 | Create | Unit 2550 |
| 15:44 | Create | Villager (Male) |
| 15:54 | Build | Farm |
| 15:55 | Build | Farm |
| 15:56 | Build | Farm |
| 16:04 | Build | Farm |
| 16:12 | Build | Blacksmith |
| 16:33 | Create | Villager (Male) |
| 16:33 | Create | Villager (Male) |
| 16:39 | Build | House |
| 16:52 | Build | Market |
| 18:01 | Build | House |
| 18:07 | Build | Settlement |
| 18:21 | Create | Villager (Male) |
| 18:22 | Create | Villager (Male) |
| 19:04 | Research | Forging |
| 19:10 | Build | Barracks |
| 19:12 | Build | Barracks |
| 19:19 | Create | Unit 2550 |
| 19:20 | Research | Arson |
| 19:21 | Create | Unit 2550 |
| 19:21 | Create | Unit 2550 |
| 19:21 | Create | Unit 2550 |
| 19:26 | Research | Scale Mail Armor |
| 19:27 | Create | Villager (Male) |
| 19:28 | Create | Villager (Male) |
| 19:28 | Create | Villager (Male) |
| 19:55 | Research | Castle Age |
| 20:16 | Build | Stone Wall |
| 20:25 | Create | Villager (Male) |
| 20:29 | Create | Unit 2550 |
| 20:30 | Create | Unit 2550 |
| 20:49 | Build | Settlement |
| 20:52 | Build | Farm |
| 20:52 | Build | Farm |
| 20:53 | Build | Farm |
| 20:54 | Build | Farm |
| 21:05 | Build | Palisade Wall |
| 21:08 | Build | Palisade Wall |
| 21:28 | Create | Unit 2550 |
| 21:28 | Create | Unit 2550 |
| 21:42 | Build | Farm |
| 21:43 | Build | Farm |
| 21:44 | Build | Farm |
| 21:45 | Build | Farm |
| 21:53 | Research | Gold Mining |
| 21:58 | Create | Unit 2550 |
| 22:12 | Build | Palisade Gate |
| 22:20 | Create | Villager (Male) |
| 22:35 | Age | Castle Age |
| 22:36 | Research | Tech 1351 |
| 22:51 | Build | Farm |
| 22:51 | Build | Farm |
| 22:52 | Build | Farm |
| 23:01 | Research | Bow Saw |
| 23:02 | Create | Villager (Male) |
| 23:39 | Create | Unit 2550 |
| 23:39 | Create | Unit 2550 |
| 23:42 | Research | Chain Mail Armor |
| 23:54 | Build | Farm |
| 24:12 | Build | House |
| 24:18 | Create | Villager (Male) |
| 24:18 | Create | Villager (Male) |
| 24:18 | Create | Villager (Male) |
| 24:18 | Create | Villager (Male) |
| 24:45 | Create | Villager (Male) |
| 24:46 | Create | Villager (Male) |
| 24:49 | Create | Unit 2550 |
| 24:49 | Create | Unit 2550 |
| 24:50 | Create | Unit 2550 |
| 24:50 | Create | Unit 2550 |
| 25:51 | Create | Villager (Male) |
| 25:52 | Create | Villager (Male) |
Build order — POLOLESBONSTUYAUX
First 150 of 591 actions detected
| 0:01 | Create | Villager (Male) |
| 0:01 | Create | Villager (Male) |
| 0:02 | Build | House |
| 0:03 | Build | House |
| 0:32 | Create | Villager (Male) |
| 0:32 | Create | Villager (Male) |
| 1:26 | Create | Villager (Male) |
| 1:27 | Create | Villager (Male) |
| 1:46 | Build | Lumber Camp |
| 2:15 | Create | Villager (Male) |
| 2:19 | Build | House |
| 2:20 | Build | House |
| 2:23 | Create | Villager (Male) |
| 2:23 | Create | Villager (Male) |
| 2:53 | Create | Villager (Male) |
| 2:53 | Create | Villager (Male) |
| 2:53 | Create | Villager (Male) |
| 3:04 | Create | Villager (Male) |
| 3:04 | Create | Villager (Male) |
| 3:53 | Research | Loom |
| 3:58 | Create | Villager (Male) |
| 3:58 | Create | Villager (Male) |
| 3:58 | Create | Villager (Male) |
| 4:28 | Create | Villager (Male) |
| 4:32 | Create | Villager (Male) |
| 4:33 | Create | Villager (Male) |
| 5:06 | Create | Villager (Male) |
| 5:06 | Create | Villager (Male) |
| 5:23 | Build | Mill |
| 7:09 | Research | Feudal Age |
| 7:33 | Build | House |
| 8:28 | Build | Palisade Wall |
| 8:39 | Create | Villager (Male) |
| 8:40 | Create | Villager (Male) |
| 8:51 | Build | House |
| 8:52 | Build | House |
| 9:25 | Age | Feudal Age |
| 9:29 | Research | Horse Collar |
| 9:30 | Research | Double-Bit Axe |
| 9:45 | Create | Villager (Male) |
| 10:15 | Build | Barracks |
| 10:17 | Build | House |
| 10:23 | Build | Palisade Wall |
| 10:28 | Build | Palisade Wall |
| 10:30 | Create | Villager (Male) |
| 10:30 | Create | Villager (Male) |
| 10:38 | Build | Farm |
| 11:11 | Build | Farm |
| 11:11 | Build | Farm |
| 11:11 | Build | Farm |
| 11:12 | Build | Farm |
| 11:23 | Build | House |
| 11:37 | Create | Villager (Male) |
| 11:37 | Create | Villager (Male) |
| 11:38 | Create | Villager (Male) |
| 11:38 | Create | Villager (Male) |
| 11:41 | Build | Farm |
| 11:47 | Create | Villager (Male) |
| 11:47 | Create | Villager (Male) |
| 12:07 | Create | Villager (Male) |
| 12:08 | Create | Villager (Male) |
| 12:16 | Build | Palisade Wall |
| 12:21 | Build | Palisade Wall |
| 12:24 | Build | Farm |
| 12:35 | Build | Stable |
| 12:49 | Build | Farm |
| 12:53 | Build | Farm |
| 13:11 | Build | Farm |
| 13:16 | Build | Farm |
| 13:32 | Build | House |
| 13:34 | Build | Palisade Wall |
| 13:38 | Create | Scout Cavalry |
| 13:38 | Create | Scout Cavalry |
| 13:38 | Create | Scout Cavalry |
| 13:39 | Create | Scout Cavalry |
| 13:45 | Build | House |
| 13:49 | Build | House |
| 13:54 | Build | House |
| 14:00 | Build | House |
| 14:03 | Create | Villager (Male) |
| 14:03 | Create | Villager (Male) |
| 14:17 | Create | Scout Cavalry |
| 14:38 | Build | House |
| 14:40 | Build | Palisade Wall |
| 14:51 | Build | Farm |
| 14:59 | Build | Mill |
| 14:59 | Build | Farm |
| 15:00 | Build | Farm |
| 15:00 | Build | Farm |
| 15:00 | Build | Farm |
| 15:06 | Build | Farm |
| 15:09 | Build | House |
| 15:14 | Create | Scout Cavalry |
| 15:14 | Create | Scout Cavalry |
| 15:14 | Create | Scout Cavalry |
| 15:28 | Build | House |
| 15:33 | Build | Farm |
| 15:34 | Create | Villager (Male) |
| 15:35 | Create | Villager (Male) |
| 15:48 | Build | Blacksmith |
| 16:11 | Build | Farm |
| 16:19 | Build | Mining Camp |
| 16:28 | Build | Farm |
| 16:36 | Build | House |
| 16:51 | Create | Villager (Male) |
| 16:51 | Create | Villager (Male) |
| 16:57 | Build | Farm |
| 17:04 | Build | Palisade Wall |
| 17:37 | Create | Villager (Male) |
| 17:37 | Create | Villager (Male) |
| 17:59 | Create | Villager (Male) |
| 17:59 | Create | Villager (Male) |
| 18:00 | Create | Villager (Male) |
| 18:08 | Build | Mill |
| 18:09 | Build | Farm |
| 18:09 | Build | Farm |
| 18:09 | Build | Farm |
| 18:09 | Build | Farm |
| 18:10 | Build | Farm |
| 18:10 | Build | Farm |
| 18:53 | Research | Castle Age |
| 18:55 | Research | Wheelbarrow |
| 19:14 | Research | Scale Barding Armor |
| 19:22 | Build | Farm |
| 19:29 | Research | Bloodlines |
| 19:30 | Research | Bloodlines |
| 19:40 | Research | Gold Mining |
| 20:02 | Build | Farm |
| 20:19 | Create | Scout Cavalry |
| 20:19 | Create | Scout Cavalry |
| 20:19 | Create | Scout Cavalry |
| 20:55 | Create | Scout Cavalry |
| 21:08 | Create | Villager (Male) |
| 21:08 | Create | Villager (Male) |
| 21:30 | Research | Forging |
| 21:36 | Age | Castle Age |
| 21:40 | Research | Light Cavalry (upgrade) |
| 21:41 | Research | Husbandry |
| 21:49 | Create | Villager (Male) |
| 22:13 | Build | Town Center |
| 22:21 | Build | Mining Camp |
| 22:25 | Create | Villager (Male) |
| 22:25 | Create | Villager (Male) |
| 22:25 | Create | Villager (Male) |
| 22:36 | Build | House |
| 22:38 | Build | House |
| 22:44 | Create | Scout Cavalry |
| 22:44 | Create | Scout Cavalry |
| 22:45 | Create | Scout Cavalry |
| 23:35 | Create | Knight |
Match timeline
| 6:10 | Snowey · first_building Barracks |
| 8:28 | POLOLESBONSTUYAUX · wall_segment Palisade Wall x13 |
| 9:25 | POLOLESBONSTUYAUX · age_up feudal |
| 10:15 | POLOLESBONSTUYAUX · first_building Barracks |
| 10:23 | POLOLESBONSTUYAUX · wall_segment Palisade Wall x7 |
| 10:28 | POLOLESBONSTUYAUX · wall_segment Palisade Wall x1 |
| 11:39 | Snowey · wall_segment Palisade Wall x4 |
| 11:47 | Snowey · wall_segment Palisade Wall x6 |
| 12:16 | POLOLESBONSTUYAUX · wall_segment Palisade Wall x3 |
| 12:21 | POLOLESBONSTUYAUX · wall_segment Palisade Wall x5 |
| 12:35 | POLOLESBONSTUYAUX · first_building Stable |
| 12:53 | Snowey · age_up feudal |
| 13:34 | POLOLESBONSTUYAUX · wall_segment Palisade Wall x1 |
| 13:37 | Snowey · wall_segment Palisade Wall x4 |
| 13:42 | Snowey · wall_segment Palisade Wall x3 |
| 14:40 | POLOLESBONSTUYAUX · wall_segment Palisade Wall x2 |
| 17:04 | POLOLESBONSTUYAUX · wall_segment Palisade Wall x1 |
| 19:40 | Snowey · first_market_sell 100 wood |
| 20:16 | Snowey · wall_segment Stone Wall x14 |
| 21:05 | Snowey · wall_segment Palisade Wall x8 |
| 21:08 | Snowey · wall_segment Palisade Wall x7 |
| 21:36 | POLOLESBONSTUYAUX · age_up castle |
| 22:35 | Snowey · age_up castle |
| 27:18 | Snowey · wall_segment Stone Wall x10 |
| 29:18 | Snowey · wall_segment Stone Wall x2 |
| 31:06 | Snowey · first_market_buy 100 wood |
| 32:25 | Snowey · first_building Castle |
| 33:50 | POLOLESBONSTUYAUX · first_building Castle |
| 35:34 | POLOLESBONSTUYAUX · first_building Monastery |
| 36:49 | Snowey · wall_segment Stone Wall x5 |
| 36:50 | Snowey · wall_segment Stone Wall x1 |
| 36:52 | Snowey · wall_segment Stone Wall x1 |
| 36:53 | Snowey · wall_segment Stone Wall x1 |
| 36:55 | Snowey · wall_segment Stone Wall x1 |
| 36:56 | Snowey · wall_segment Stone Wall x3 |
| 36:58 | Snowey · wall_segment Stone Wall x7 |
| 37:55 | POLOLESBONSTUYAUX · first_market_sell 500 food |
| 38:16 | Snowey · wall_segment Stone Wall x3 |
| 38:18 | Snowey · wall_segment Stone Wall x2 |
| 40:13 | Snowey · age_up imperial |
| 41:08 | POLOLESBONSTUYAUX · age_up imperial |
| 41:53 | Snowey · wall_segment Stone Wall x10 |
| 41:55 | Snowey · wall_segment Stone Wall x8 |
| 45:01 | POLOLESBONSTUYAUX · first_market_buy 100 wood |
| 46:00 | Snowey · wall_segment Stone Wall x9 |
| 47:54 | Snowey · wall_segment Stone Wall x5 |
| 52:34 | POLOLESBONSTUYAUX · first_building Archery Range |
| 53:41 | Snowey · wall_segment Stone Wall x1 |
| 58:50 | Snowey · first_building Archery Range |
| 59:48 | POLOLESBONSTUYAUX · first_building Siege Workshop |
| 60:49 | Snowey · wall_segment Stone Wall x21 |
| 61:25 | Snowey · wall_segment Stone Wall x6 |
| 65:13 | Snowey · resign |
[ AI ANALYSIS · 1 CREDIT ]
What really happened in this match?
Wolo.gg analyzes every decision: build order, eco, micro, common mistakes by bracket. Personalized analysis on WhatsApp or Discord in 30 seconds.
Civ guide
Mapuche
Perfil
Jugador #291239